| TOP OF THE 1ST |
|
Cleveland Guardians batting - Pitching for Kansas City Royals : RHP Chris Irvin
|
|
Pitching: RHP Chris Irvin
|
|
|
Batting: LHB Arvin Dungca
|
0-0: Ball 1-0: Called Strike 1-1: Ball 2-1: Foul Ball, location: 2F 2-2: Strikes out swinging
|
|
Batting: RHB Christian Blue
|
0-0: Ball 1-0: SINGLE (Line Drive, 8LS, EV 90.0 MPH)
|
|
Batting: RHB Nick Ogle
|
0-0: Called Strike 0-1: Ball 1-1: SINGLE (Groundball, 6MD, EV 110.6 MPH) Christian Blue to second Runner from 2nd tries for 3rd, SAFE, throw by CF made to third
|
|
Batting: LHB Brent Albertson
|
0-0: Called Strike 0-1: Foul Ball, location: 2F 0-2: Grounds into double play, 5-4-3 (Groundball, 15, EV 83.8 MPH)
|
| Top of the 1st over - 0 runs, 2 hits, 0 errors, 1 left on base; Cleveland 0 - Kansas City 0 |
| BOTTOM OF THE 1ST |
|
Kansas City Royals batting - Pitching for Cleveland Guardians : RHP Drew Rickelman
|
|
Pitching: RHP Drew Rickelman
|
|
|
Batting: SHB Jose Pacheco
|
0-0: Called Strike 0-1: Swinging Strike 0-2: Fly out, F8 (Flyball, 8LD, EV 85.0 MPH)
|
|
Batting: RHB Matt Belgard
|
0-0: Foul Ball, location: 2F 0-1: Called Strike 0-2: Ball 1-2: Foul Ball, location: 2F 1-2: Ground out 6-3 (Groundball, 6, EV 85.0 MPH)
|
|
Batting: RHB Mike Jaquez
|
0-0: DOUBLE (Line Drive, 89D, EV 113.8 MPH)
|
|
Batting: LHB Bill Baconneck
|
0-0: Ball 1-0: Ball 2-0: Called Strike 2-1: Foul Ball, location: 2F 2-2: Foul Ball, location: 2F 2-2: Fly out, F8 (Flyball, 8RXD, EV 103.1 MPH)
|
| Bottom of the 1st over - 0 runs, 1 hit, 0 errors, 1 left on base; Cleveland 0 - Kansas City 0 |
| TOP OF THE 2ND |
|
Cleveland Guardians batting - Pitching for Kansas City Royals : RHP Chris Irvin
|
|
Batting: RHB Nick Sharp
|
0-0: Foul Ball, location: 2F 0-1: Ball 1-1: Fly out, F9 (Flyball, 89M, EV 86.9 MPH)
|
|
Batting: RHB Jasper Burd
|
0-0: Called Strike 0-1: Ball 1-1: Swinging Strike 1-2: Strikes out swinging
|
|
Batting: LHB John Harring
|
0-0: Called Strike 0-1: Foul Ball, location: 2F 0-2: Ground out 5-3 (Groundball, 56, EV 87.5 MPH)
|
| Top of the 2nd over - 0 runs, 0 hits, 0 errors, 0 left on base; Cleveland 0 - Kansas City 0 |
| BOTTOM OF THE 2ND |
|
Kansas City Royals batting - Pitching for Cleveland Guardians : RHP Drew Rickelman
|
|
Batting: LHB Pete Hansel
|
0-0: Called Strike 0-1: SINGLE (Line Drive, 89M, EV 100.0 MPH)
|
|
Batting: LHB Robby Diaz
|
0-0: Ball 1-0: Called Strike 1-1: Fly out, F8 (Flyball, 78S, EV 89.4 MPH)
|
|
Batting: LHB Manny Estrada
|
0-0: Ball 1-0: Called Strike Pete Hansel is caught stealing 2nd base 2-6 1-1: DOUBLE (Line Drive, 9LM, EV 105.0 MPH)
|
|
Batting: LHB Sam Britt
|
0-0: Foul Ball, location: 2F 0-1: Ball 1-1: Foul Ball, location: 2F 1-2: Ball 2-2: Ball 3-2: Foul Ball, location: 2F 3-2: Base on Balls
|
|
Batting: RHB Mikolas Markus
|
0-0: Foul Ball, location: 2F 0-1: Ball 1-1: Ball 2-1: Swinging Strike 2-2: Ball Wild Pitch! Manny Estrada to third Sam Britt to second 3-2: Strikes out looking
|
| Bottom of the 2nd over - 0 runs, 2 hits, 0 errors, 2 left on base; Cleveland 0 - Kansas City 0 |
| TOP OF THE 3RD |
|
Cleveland Guardians batting - Pitching for Kansas City Royals : RHP Chris Irvin
|
|
Batting: LHB Jack Bell
|
0-0: Ball 1-0: Ball 2-0: Called Strike 2-1: Foul Ball, location: 2F 2-2: Foul Ball, location: 2F 2-2: Fly out, F8 (Flyball, 8LM, EV 90.6 MPH)
|
|
Batting: RHB Rick O'Reilly
|
0-0: Ball 1-0: Ball 2-0: Called Strike 2-1: Ball 3-1: Called Strike 3-2: Base on Balls
|
|
Batting: LHB Arvin Dungca
|
0-0: Ball 1-0: Called Strike 1-1: Ball 2-1: Ball 3-1: Foul Ball, location: 2F 3-2: Ground out 4-3 (Groundball, 34, EV 86.9 MPH) Rick O'Reilly to second
|
|
Batting: RHB Christian Blue
|
0-0: Called Strike 0-1: Ball 1-1: Hit by Pitch
|
|
Batting: RHB Nick Ogle
|
0-0: Ball 1-0: Ball 2-0: Ball 3-0: Base on Balls Rick O'Reilly to third Christian Blue to second
|
|
Batting: LHB Brent Albertson
|
0-0: Foul Ball, location: 2F 0-1: Ball 1-1: Ball 2-1: Ground out 3-1 (Groundball, 34S, EV 90.6 MPH)
|
| Top of the 3rd over - 0 runs, 0 hits, 0 errors, 3 left on base; Cleveland 0 - Kansas City 0 |
| BOTTOM OF THE 3RD |
|
Kansas City Royals batting - Pitching for Cleveland Guardians : RHP Drew Rickelman
|
|
Batting: SHB Jose Pacheco
|
0-0: Ball 1-0: Ball 2-0: Called Strike 2-1: Ground out U3 (Groundball, 34, EV 98.8 MPH)
|
|
Batting: RHB Matt Belgard
|
0-0: Called Strike 0-1: Ground out 1-3 (Groundball, 34S, EV 65.0 MPH)
|
|
Batting: RHB Mike Jaquez
|
0-0: Foul Ball, location: 2F 0-1: SINGLE (Line Drive, 5D, EV 96.9 MPH)
|
|
Batting: LHB Bill Baconneck
|
0-0: Ball 1-0: Called Strike 1-1: Ball 2-1: Called Strike 2-2: Ball 3-2: Base on Balls Mike Jaquez to second
|
|
Batting: LHB Pete Hansel
|
0-0: Called Strike 0-1: Ball 1-1: Ball 2-1: Ball 3-1: Base on Balls Mike Jaquez to third Bill Baconneck to second
|
|
Batting: LHB Robby Diaz
|
0-0: Called Strike 0-1: SINGLE (Groundball, 34D, EV 98.8 MPH) Mike Jaquez scores Bill Baconneck to third Pete Hansel to second Runner from 3rd tries for Home, SAFE, throw by RF to home Pete Hansel to third Robby Diaz to second
|
|
Batting: LHB Manny Estrada
|
0-0: Called Strike 0-1: Ball 1-1: Fly out, F8 (Flyball, 89M, EV 88.1 MPH)
|
| Bottom of the 3rd over - 2 runs, 2 hits, 0 errors, 2 left on base; Cleveland 0 - Kansas City 2 |
| TOP OF THE 4TH |
|
Cleveland Guardians batting - Pitching for Kansas City Royals : RHP Chris Irvin
|
|
Batting: RHB Nick Sharp
|
0-0: Ball 1-0: Ground out 4-3 (Groundball, 4, EV 106.9 MPH)
|
|
Batting: RHB Jasper Burd
|
0-0: Foul Ball, location: 2F 0-1: Ball 1-1: Ball 2-1: Called Strike 2-2: Strikes out swinging
|
|
Batting: LHB John Harring
|
0-0: Ball 1-0: Ball 2-0: Ball 3-0: Called Strike 3-1: Foul Ball, location: 2F 3-2: Base on Balls
|
|
Batting: LHB Jack Bell
|
0-0: Ball 1-0: Ball 2-0: Ball 3-0: Base on Balls John Harring to second
|
|
Batting: RHB Rick O'Reilly
|
0-0: Ball 1-0: Ball 2-0: Fly out, F3 (Popup, 3SF, EV 73.1 MPH)
|
| Top of the 4th over - 0 runs, 0 hits, 0 errors, 2 left on base; Cleveland 0 - Kansas City 2 |
| BOTTOM OF THE 4TH |
|
Kansas City Royals batting - Pitching for Cleveland Guardians : RHP Drew Rickelman
|
|
Batting: LHB Sam Britt
|
0-0: Ball 1-0: Ball 2-0: Called Strike 2-1: Ball 3-1: Swinging Strike 3-2: Base on Balls
|
|
Batting: RHB Mikolas Markus
|
0-0: Called Strike 0-1: Foul Ball, location: 2F 0-2: DOUBLE (Flyball, 89D, EV 98.8 MPH) Sam Britt to third
|
|
Batting: SHB Jose Pacheco
|
0-0: Ball 1-0: Ball 2-0: Fly out, F4 (Line Drive, 4M, EV 75.6 MPH)
|
|
Batting: RHB Matt Belgard
|
0-0: Ball 1-0: Fly out, F7 (Flyball, 78S, EV 88.8 MPH)
|
|
Batting: RHB Mike Jaquez
|
0-0: Ball 1-0: Called Strike 1-1: TRIPLE (Flyball, 8LXD, EV 104.4 MPH) Sam Britt scores Mikolas Markus scores
|
|
Batting: LHB Bill Baconneck
|
0-0: Ball 1-0: Ball 2-0: Ball 3-0: Called Strike 3-1: Base on Balls
|
|
Batting: LHB Pete Hansel
|
0-0: Ball 1-0: Ground out 2-3 (Groundball, 13S, EV 69.4 MPH)
|
| Bottom of the 4th over - 2 runs, 2 hits, 0 errors, 2 left on base; Cleveland 0 - Kansas City 4 |
| TOP OF THE 5TH |
|
Cleveland Guardians batting - Pitching for Kansas City Royals : RHP Chris Irvin
|
|
Batting: LHB Arvin Dungca
|
0-0: Ball 1-0: Called Strike 1-1: Fly out, F9 (Flyball, 89S, EV 82.5 MPH)
|
|
Batting: RHB Christian Blue
|
0-0: TRIPLE (Flyball, 89XD, EV 103.1 MPH)
|
|
Batting: RHB Nick Ogle
|
0-0: Ball Wild Pitch! Christian Blue scores 1-0: Ball 2-0: Foul Ball, location: 2F 2-1: Foul Ball, location: 2F 2-2: Ground out 4-3 (Groundball, 4M, EV 86.9 MPH)
|
|
Batting: LHB Brent Albertson
|
0-0: Ground out U3 (Groundball, 3, EV 105.0 MPH)
|
| Top of the 5th over - 1 run, 1 hit, 0 errors, 0 left on base; Cleveland 1 - Kansas City 4 |
| BOTTOM OF THE 5TH |
|
Kansas City Royals batting - Pitching for Cleveland Guardians : RHP Drew Rickelman
|
|
Batting: LHB Robby Diaz
|
0-0: Ball 1-0: SINGLE (Line Drive, 56D, EV 103.1 MPH)
|
|
Batting: LHB Manny Estrada
|
0-0: Called Strike 0-1: Called Strike 0-2: Ball 1-2: Foul Ball, location: 2F 1-2: Ball 2-2: Foul Ball, location: 2F 2-2: Foul Ball, location: 2F 2-2: Foul Ball, location: 2F 2-2: Strikes out swinging
|
|
Batting: LHB Sam Britt
|
0-0: Called Strike 0-1: Foul Ball, location: 2F 0-2: Ball 1-2: Ball 2-2: Ball 3-2: Foul Ball, location: 2F 3-2: Grounds into double play, 6-4-3 (Groundball, 6, EV 99.4 MPH)
|
| Bottom of the 5th over - 0 runs, 1 hit, 0 errors, 0 left on base; Cleveland 1 - Kansas City 4 |
| TOP OF THE 6TH |
|
Cleveland Guardians batting - Pitching for Kansas City Royals : RHP Chris Irvin
|
|
Batting: RHB Nick Sharp
|
0-0: Ball 1-0: Called Strike 1-1: Ground out 6-3 (Groundball, 6, EV 88.1 MPH)
|
|
Batting: RHB Jasper Burd
|
0-0: Ground out 6-3 (Groundball, 56, EV 80.0 MPH)
|
|
Batting: LHB John Harring
|
0-0: Ball 1-0: Ground out 3-1 (Groundball, 34S, EV 93.1 MPH)
|
| Top of the 6th over - 0 runs, 0 hits, 0 errors, 0 left on base; Cleveland 1 - Kansas City 4 |
| BOTTOM OF THE 6TH |
|
Kansas City Royals batting - Pitching for Cleveland Guardians : RHP Drew Rickelman
|
|
Pitching: RHP Fomio Tashima
|
|
|
Batting: RHB Mikolas Markus
|
0-0: Called Strike 0-1: DOUBLE (Line Drive, 78M, EV 107.5 MPH)
|
|
Batting: SHB Jose Pacheco
|
0-0: Ground out 6-3 (Groundball, 6S, EV 71.2 MPH) Mikolas Markus to third
|
|
Batting: RHB Matt Belgard
|
0-0: Ball 1-0: Swinging Strike 1-1: Ball 2-1: Ground out 5-3 (Groundball, 5, EV 86.2 MPH)
|
|
Batting: RHB Mike Jaquez
|
0-0: Called Strike 0-1: Called Strike 0-2: Ball 1-2: Ball 2-2: Fly out, F9 (Flyball, 89D, EV 98.8 MPH)
|
| Bottom of the 6th over - 0 runs, 1 hit, 0 errors, 1 left on base; Cleveland 1 - Kansas City 4 |
| TOP OF THE 7TH |
|
Cleveland Guardians batting - Pitching for Kansas City Royals : RHP Chris Irvin
|
|
Batting: LHB Jack Bell
|
0-0: Ball 1-0: Called Strike 1-1: Swinging Strike 1-2: Strikes out swinging
|
|
Batting: RHB Rick O'Reilly
|
0-0: Ball 1-0: Called Strike 1-1: Called Strike 1-2: Foul Ball, location: 2F 1-2: Foul Ball, location: 2F 1-2: Strikes out swinging
|
|
Batting: LHB Arvin Dungca
|
0-0: Ball 1-0: Ball 2-0: Called Strike 2-1: Ball 3-1: Fly out, F9 (Flyball, 9, EV 88.1 MPH)
|
| Top of the 7th over - 0 runs, 0 hits, 0 errors, 0 left on base; Cleveland 1 - Kansas City 4 |
| BOTTOM OF THE 7TH |
|
Kansas City Royals batting - Pitching for Cleveland Guardians : RHP Fomio Tashima
|
|
Batting: LHB Bill Baconneck
|
0-0: Ball 1-0: Called Strike 1-1: Ball 2-1: Foul Ball, location: 2F 2-2: Ball 3-2: Base on Balls
|
|
Batting: LHB Pete Hansel
|
0-0: Ball 1-0: SINGLE (Groundball, 6MD, EV 106.2 MPH) Bill Baconneck to second Runner from 2nd tries for 3rd, SAFE, no throw by CF
|
|
Batting: LHB Robby Diaz
|
0-0: Called Strike 0-1: Foul Ball, location: 2F 0-2: Strikes out looking
|
|
Batting: LHB Manny Estrada
|
0-0: Called Strike 0-1: Foul Ball, location: 2F 0-2: Strikes out swinging
|
|
Batting: LHB Sam Britt
|
0-0: Ball 1-0: Called Strike 1-1: Foul Ball, location: 2F 1-2: Ball 2-2: Hit by Pitch Pete Hansel to second
|
|
Batting: RHB Mikolas Markus
|
0-0: SINGLE (Groundball, 6MD, EV 106.2 MPH) Bill Baconneck scores Pete Hansel to third Sam Britt to second Runner from 3rd tries for Home, throw by CF and OUT! 8-2
|
| Bottom of the 7th over - 1 run, 2 hits, 0 errors, 2 left on base; Cleveland 1 - Kansas City 5 |
| TOP OF THE 8TH |
|
Cleveland Guardians batting - Pitching for Kansas City Royals : RHP Chris Irvin
|
|
Pitching: RHP David Silva
|
|
|
Batting: RHB Christian Blue
|
0-0: Ball 1-0: Foul Ball, location: 2F 1-1: Swinging Strike 1-2: Ball 2-2: Ball 3-2: SINGLE (Flyball, 4D, EV 83.8 MPH)
|
|
Batting: RHB Nick Ogle
|
0-0: Called Strike 0-1: Ball 1-1: Ball 2-1: Grounds into double play, 4-6-3 (Groundball, P, EV 81.9 MPH)
|
|
Batting: LHB Brent Albertson
|
0-0: Swinging Strike 0-1: Ball 1-1: Ball 2-1: Foul Ball, location: 2F 2-2: Ball 3-2: Strikes out looking
|
| Top of the 8th over - 0 runs, 1 hit, 0 errors, 0 left on base; Cleveland 1 - Kansas City 5 |
| BOTTOM OF THE 8TH |
|
Kansas City Royals batting - Pitching for Cleveland Guardians : RHP Fomio Tashima
|
|
Pitching: RHP Bruce Poff
|
|
|
Batting: SHB Jose Pacheco
|
0-0: Called Strike 0-1: Foul Ball, location: 2F 0-2: Ball 1-2: Strikes out swinging
|
|
Batting: RHB Matt Belgard
|
0-0: Called Strike 0-1: Ball 1-1: Called Strike 1-2: Strikes out swinging
|
|
Batting: RHB Mike Jaquez
|
0-0: Ball 1-0: Swinging Strike 1-1: Ball 2-1: DOUBLE (Flyball, 78D, EV 104.4 MPH)
|
|
Batting: LHB Bill Baconneck
|
0-0: Ball 1-0: Ball 2-0: Ball 3-0: Called Strike 3-1: DOUBLE (Line Drive, 78D, EV 106.9 MPH) Mike Jaquez scores
|
|
Batting: LHB Pete Hansel
|
0-0: Ball 1-0: Ball 2-0: Called Strike 2-1: Ball 3-1: Base on Balls
|
|
Batting: LHB Robby Diaz
|
0-0: Ball 1-0: Foul Ball, location: 2F 1-1: Ball 2-1: Called Strike 2-2: Ground out U3 (Groundball, 3, EV 90.6 MPH)
|
| Bottom of the 8th over - 1 run, 2 hits, 0 errors, 2 left on base; Cleveland 1 - Kansas City 6 |
| TOP OF THE 9TH |
|
Cleveland Guardians batting - Pitching for Kansas City Royals : RHP David Silva
|
|
Batting: RHB Nick Sharp
|
0-0: Foul Ball, location: 2F 0-1: Foul Ball, location: 2F 0-2: Fly out, F2 (Popup, 3SF, EV 76.9 MPH)
|
|
Batting: RHB Jasper Burd
|
0-0: Swinging Strike 0-1: Fly out, F9 (Line Drive, 9S, EV 85.6 MPH)
|
|
Batting: LHB John Harring
|
0-0: Ball 1-0: Swinging Strike 1-1: Fly out, F6 (Line Drive, 56, EV 71.9 MPH)
|
| Top of the 9th over - 0 runs, 0 hits, 0 errors, 0 left on base; Cleveland 1 - Kansas City 6 |
|